 Dungeon Crawl Stone Soup version 0.21-a0-352-g5b8f553 (webtiles) character file.

309432 4thArraOfDagon the Warrior (level 21, -64/304 HPs)
             Began as an Ogre Enchanter on Oct 9, 2017.
             Was an Elder of Elyvilon.
             Annihilated by an enormous slime creature (68 damage)
             ... on level 5 of the Pits of Slime on Oct 10, 2017.
             The game lasted 02:23:47 (26838 turns).

4thArraOfDagon the Warrior (Ogre Enchanter)        Turns: 26838, Time: 02:23:48

Health: -64/304    AC: 12    Str: 21    XL:     21   Next: 23%
Magic:  32/37      EV: 18    Int: 28    God:    Elyvilon [****..]
Gold:   1392       SH:  0    Dex: 19    Spells: 24/44 levels left

rFire    x . .     SeeInvis .   M - +7 morningstar of Indomitability {elec, rN+ Str+2}
rCold    + + .     Gourm    .   (no shield)
rNeg     + + .     Faith    .   (armour currently unavailable)
rPois    ∞         Spirit   .   (helmet restricted)
rElec    +         Reflect  .   T - scarf {rC+ rF+}
rCorr    .         Harm     .   (gloves unavailable)
MR       ++++.     Rnd*Rage +   (boots unavailable)
Stlth    ++........             O - amulet of regeneration
HPRegen  1.00/turn              k - ring "Paebronk" {Ice *Contam MR++ Int+3 Dex+3}
MPRegen  0.25/turn              i - ring "Jeagyxku" {rF- AC+3 Int+2 Dex+7}

@: mighty, about to teleport, statue-form, protection, corroded, very slow
A: unfitting armour, antennae 1, hooves 1, berserk 1, deterioration 1, screaming
1, weak 2, wild magic 1, sturdy frame 1
}: 2/15 runes: serpentine, barnacled
a: End Transformation, Lesser Healing, Heal Other, Purification, Greater
Healing, Divine Protection, Renounce Religion


You were on level 5 of the Pits of Slime.
You worshipped Elyvilon.
Elyvilon was greatly pleased with you.
You were not hungry.
You were a stone statue.
You visited 8 branches of the dungeon, and saw 40 of its levels.
You visited the Abyss 1 time.
You also visited: Sewer and Volcano.

You collected 4387 gold pieces.
You spent 2995 gold pieces at shops.

Inventory:

Hand Weapons
 M - the +7 morningstar of Indomitability (weapon) {elec, rN+ Str+2}
   (You found it on level 7 of the Dungeon)

   Occasionally, upon striking a foe, it will discharge some electrical energy
   and cause terrible harm.
   It affects your strength (+2).
   It protects you from negative energy.
Missiles
 J - 5 throwing nets (quivered)
Armour
 c - the +2 robe of Vines (melded) {NoPotionHeal Regen+7}
   (You bought it in a shop on level 4 of the Dungeon)

   It increases your rate of regeneration.
 G - a +1 large shield of poison resistance
 T - a scarf of resistance (worn)
Jewellery
 i - the ring "Jeagyxku" (right hand) {rF- AC+3 Int+2 Dex+7}
   (You found it on level 1 of the Lair of Beasts)

   [ring of protection]

   It affects your AC (+3).
   It affects your intelligence (+2).
   It affects your dexterity (+7).
   It makes you vulnerable to fire.
 k - the ring "Paebronk" (left hand) {Ice *Contam MR++ Int+3 Dex+3}
   (You found it on level 9 of the Dungeon)

   [ring of ice]

   It enhances your ice magic.
   It affects your intelligence (+3).
   It affects your dexterity (+3).
   It makes you vulnerable to fire.
   It protects you from cold.
   It affects your resistance to hostile enchantments.
   It causes magical contamination when unequipped.
 r - an uncursed ring of fire
 A - an uncursed ring of resist corrosion
 B - the ring "Naodwaat" {+Blink rN+ Str-5 Dex+8 SInv}
   (You took it off a deep elf demonologist on level 3 of the Elven Halls)

   [ring of positive energy]

   It affects your strength (-5).
   It affects your dexterity (+8).
   It protects you from negative energy.
   It lets you see invisible.
   It lets you blink.
 F - a +4 ring of intelligence
 O - an amulet of regeneration (around neck)
 S - an uncursed amulet of rage
 Z - an uncursed ring of protection from cold
Wands
 a - a wand of scattershot (5/9)
 H - a wand of digging (16/24)
 P - a wand of acid (5/15)
 Q - a wand of iceblast (3/15)
 R - a wand of scattershot (4/9)
Scrolls
 g - 3 scrolls of fog
 h - a scroll of identify
 l - 6 scrolls of enchant weapon
 m - 12 scrolls of teleportation
 n - 6 scrolls of recharging
 v - 8 scrolls of fear
 w - 3 scrolls of magic mapping
 y - 11 scrolls of remove curse
 D - 5 scrolls of amnesia
 L - 7 scrolls of enchant armour
 N - 3 scrolls of blinking
 Y - a scroll of summoning
Potions
 b - 6 potions of magic
 e - 7 potions of might
 j - a potion of berserk rage
 o - 5 potions of brilliance
 p - 5 potions of ambrosia
 q - a potion of cancellation
 s - 13 potions of heal wounds
 t - 16 potions of curing
 x - 2 potions of mutation
 z - 4 potions of flight
 C - 5 potions of resistance
 I - 2 potions of invisibility
 U - 7 potions of haste
 V - 5 potions of agility
Miscellaneous
 f - a lamp of fire
 E - a box of beasts
 K - a lightning rod (4/4)
 W - 2 phantom mirrors
 X - a fan of gales
Comestibles
 d - 16 bread rations
 u - 23 meat rations


   Skills:
 + Level 19.0 Fighting
   Level 0.8 Short Blades
 - Level 18.0 Maces & Flails
 + Level 10.8 Dodging
 - Level 2.1 Stealth
 - Level 12.0 Spellcasting
 - Level 2.6 Hexes
 - Level 12.0 Transmutations
 - Level 12.0 Earth Magic
 - Level 12.0 Invocations
 - Level 5.4 Evocations


You had 24 spell levels left.
You knew the following spells:

 Your Spells              Type           Power        Failure   Level  Hunger
a - Iron Shot             Conj/Erth      ######....   47%         6    #####..
c - Confuse               Hex            #####...     5%          3    None
d - Apportation           Tloc           ###...       5%          1    None
e - Statue Form           Tmut/Erth      #######..    6%          6    #####..
f - Passage of Golubria   Tloc           N/A          41%         4    None


Dungeon Overview and Level Annotations

Branches:
Dungeon (15/15)            Temple (1/1) D:6            Lair (6/6) D:8
 Shoals (4/4) Lair:3        Snake (4/4) Lair:4        Slime (5/5) Lair:6
    Orc (2/2) D:9             Elf (3/3) Orc:2        Vaults (0/5) D:14
 Depths (0/5) D:15

Altars:
Ashenzari
Cheibriados
Dithmenos
Elyvilon
Fedhas
Gozag
Hepliaklqana
Kikubaaqudgha
Makhleb
Okawaru
Qazlal
Ru
Sif Muna
Trog
Vehumet
Wu Jian
Xom
Yredelemnul
Zin
The Shining One
Beogh

Shops:
D:4 *   D:9 [   D:13 (   Orc:2 [*[=   Shoals:4 %

Portals:
Trove: D:10 (give +3 gold dragon scales)

Annotations:
Slime:4 Dissolution
Elf:2 Azrael


Innate Abilities, Weirdness & Mutations

You are too large for most types of armour.
((You have tough skin. (AC +1)))
You have a pair of small antennae on your head.
You have large cloven feet.
((You are partially covered in iridescent scales. (AC +2)))
You tend to lose your temper in combat.
Your body sometimes deteriorates upon taking damage.
You occasionally shout uncontrollably at your foes.
You are very weak. (Str -4)
Your spells are a little harder to cast, but a little more powerful.
Your movements are slightly less encumbered by armour. (ER -2)


Message History

You beseech Elyvilon to protect your life.
The azure jelly hits you but does no damage. x2
The azure jelly closely misses you. The azure jelly hits you!
* * * LOW HITPOINT WARNING * * *
The enormous slime creature hits you.
* * * LOW HITPOINT WARNING * * *
The slime creature closely misses you.
The azure jelly hits you but does no damage.
The azure jelly hits you!
* * * LOW HITPOINT WARNING * * *
The azure jelly freezes you! You resist.
* * * LOW HITPOINT WARNING * * *
The azure jelly completely misses you. The azure jelly barely misses you.
The great orb of eyes bites you!
* * * LOW HITPOINT WARNING * * *
Unknown command.
Unknown command.
As you read the scroll of teleportation, it crumbles to dust.
You feel strangely unstable. The enormous slime creature hits you!!!
You die...

...............
...............
...............
...............
...............
...............
.......JJ......
......G8J......
..........###..
..........#
.......####
......# .....#
..... .....


You could see an azure jelly, a great orb of eyes, an enormous slime creature
and a slime creature.

Vanquished Creatures
  Bai Suzhen (Shoals:3)
  Jorgrun (Shoals:4)
  2 deep elf blademasters (Elf:3)
  2 acid blobs
  Polyphemus (Shoals:2)
  A tentacled starspawn (Abyss:2)
  Ilsuiw (Shoals:3)
  6 azure jellies
  8 nagarajas
  3 deep elf sorcerers (Elf:3)
  Aizul (Snake:1)
  Louise (Snake:1)
  2 orc warlords
  2 deep elf elementalists (Elf:3)
  The ghost of zero the Severer, a journeyman MiBe of Trog (Lair:6)
  6 deep elf annihilators (Elf:3)
  6 deep elf demonologists (Elf:3)
  5 deep elf death magi (Elf:3)
  7 merfolk javelineers
  The ghost of p0werm0de the Thaumaturge, a journeyman GnWz of Ashenzari (Orc:2)
  9 merfolk impalers
  Erolcha (D:13)
  Harold (Lair:4)
  Josephine (D:14)
  2 deep elf high priests (Elf:3)
  2 great orbs of eyes
  A vault guard (D:14)
  2 catoblepae
  15 naga warriors
  2 alligator snapping turtles (Shoals:4)
  2 merfolk avatars
  2 centaur warriors
  Erica (Lair:1)
  7 death yaks
  7 anacondas
  9 merfolk aquamancers
  3 hydras
  A death knight (D:10)
  2 satyrs
  4 ogre magi
  16 dancing weapons
  12 two-headed ogres
  2 orc high priests
  7 shock serpents
  13 naga sharpshooters
  Nergalle (Lair:1)
  19 deep elf knights
  A skeletal warrior (D:9)
  8 sea snakes
  2 unseen horrors
  2 lindwurms (Lair:6)
  8 naga ritualists
  7 wizards
  12 harpies
  A necromancer (D:14)
  5 orc knights
  11 deep elf archers
  12 manticores
  6 orc sorcerers (Orc:2)
  6 mana vipers
  8 salamanders
  14 fauns
  2 shining eyes
  6 oklob plants
  38 deep elf magi
  A cyclops (D:13)
  5 toenail golems (Volcano)
  5 merfolk sirens
  An eye of devastation (Slime:2)
  5 guardian serpents
  7 water nymphs
  22 black mambas
  2 centaur skeletons
  6 torpor snails (Lair:6)
  A gargoyle (D:12)
  26 naga magi
  11 komodo dragons
  8 spiny frogs
  A rime drake (shapeshifter) (Abyss:2)
  2 yaktaurs (D:14)
  A freezing wraith (D:9)
  An ancient zyme (Abyss:2)
  A rime drake (Lair:3)
  25 merfolk
  6 hornets (Lair:6)
  The ghost of Nattefrost the Poker, an amateur HOFi of Fedhas (D:5)
  A wind drake (Shoals:1)
  7 trolls
  3 tyrant leeches (Lair:6)
  8 polar bears (Lair:6)
  44 slime creatures
  5 raiju
  A large abomination (Abyss:3)
  9 blink frogs
  12 hippogriffs
  4 snapping turtles
  5 air elementals
  A vampire (D:13)
  14 water elementals
  39 yaks
  5 wraiths
  2 wyverns
  19 humans (D:14)
  A fire elemental (Elf:1)
  5 golden eyes
  7 vampire mosquitoes
  5 basilisks
  9 wargs
  49 nagas
  15 water moccasins
  13 hell hounds
  6 porcupines
  36 orc warriors
  Duvessa (D:7)
  4 sky beasts
  An eye of draining (shapeshifter) (D:13)
  2 ice beasts
  An eye of draining (Slime:1)
  A necrophage (D:12)
  32 ogres
  5 black bears
  15 wolves (Lair:6)
  12 centaurs
  19 crocodiles
  2 big kobolds
  13 bullfrogs
  2 earth elementals
  A gnoll sergeant (D:11)
  Dowan (D:7)
  2 scorpions
  A water moccasin skeleton (D:4)
  3 wights (D:13)
  3 killer bees (D:5)
  5 howler monkeys
  An electric eel (Lair:1)
  7 crimson imps
  26 orc priests
  3 hounds
  12 jellies
  16 orc wizards
  3 bullfrog skeletons
  6 iguanas
  Terence (D:2)
  8 worker ants
  A howler monkey zombie (D:10)
  Robin (D:2)
  14 adders
  3 gnolls
  A howler monkey skeleton (D:8)
  A shadow imp (D:12)
  2 oozes
  3 worms
  2 dart slugs
  7 leopard geckos
  100 orcs
  4 giant cockroaches
  13 goblins
  11 hobgoblins
  4 jackals
  28 kobolds
  4 quokkas
  4 ball pythons
  8 bats
  3 frilled lizards
  A giant cockroach zombie (D:5)
  12 rats
  2 fungi
  4 plants
  A starspawn tentacle (Abyss:2)
1257 creatures vanquished.

Vanquished Creatures (collateral kills)
  A shining eye (Slime:2)
1 creature vanquished.

Vanquished Creatures (others)
  A black mamba (Snake:2)
  A polar bear (Lair:6)
  A raiju (Lair:6)
  A water elemental (Shoals:3)
  2 chaos spawn (D:12)
  A warg (Lair:6)
  A naga (Snake:2)
  A porcupine (Lair:1)
  A floating eye (shapeshifter) (Elf:2)
  8 black bears (Lair:6)
  A wolf (Lair:6)
  A jelly (D:13)
  2 orc wizards
  A gnoll (D:12)
  4 fungi (Lair:6)
  23 plants
  4 starspawn tentacles
54 creatures vanquished.

Grand Total: 1312 creatures vanquished

Notes
Turn   | Place    | Note
-------+----------+-------------------------------------------
     0 | D:1      | 4thArraOfDagon the Ogre Enchanter began the quest for the Orb.
     0 | D:1      | Reached XP level 1. HP: 16/16 MP: 3/3
     0 | D:1      | lets focus
   126 | D:1      | Reached skill level 1 in Fighting
   337 | D:1      | Reached skill level 2 in Fighting
   337 | D:1      | Reached XP level 2. HP: 20/29 MP: 1/5
   341 | D:1      | Learned a level 2 spell: Ensorcelled Hibernation
   701 | D:2      | Reached XP level 3. HP: 34/36 MP: 6/6
   705 | D:2      | Reached skill level 3 in Fighting
   705 | D:2      | Reached skill level 1 in Maces & Flails
   825 | D:2      | Noticed Robin
   832 | D:2      | Killed Robin
   832 | D:2      | Reached XP level 4. HP: 22/45 MP: 5/7
   871 | D:2      | Learned a level 3 spell: Confuse
   872 | D:2      | Noticed Terence
   904 | D:2      | Killed Terence
  1135 | D:1      | Reached skill level 4 in Fighting
  1135 | D:1      | Reached XP level 5. HP: 44/54 MP: 8/8
  1531 | D:4      | Found a glowing drain.
  1540 | D:4      | Reached XP level 6. HP: 59/63 MP: 9/9
  1542 | Sewer    | Entered a sewer
  1779 | Sewer    | Reached skill level 5 in Fighting
  1838 | D:5      | Entered Level 5 of the Dungeon
  1854 | D:5      | Noticed Nattefrost's ghost (amateur HOFi)
  2064 | D:4      | Found Gumeghou's Assorted Antiques.
  2076 | D:4      | Reached XP level 7. HP: 72/74 MP: 10/10
  2079 | D:4      | Bought a scroll labeled ZAODICECORO for 30 gold pieces
  2079 | D:4      | Bought 2 metallic green potions for 54 gold pieces
  2257 | D:6      | Found an iron altar of Okawaru.
  2310 | D:6      | Found a staircase to the Ecumenical Temple.
  2325 | Temple   | Entered the Ecumenical Temple
  2376 | Temple   | Became a worshipper of Elyvilon the Healer
  2427 | D:5      | Found an opulent altar of Gozag.
  2429 | D:5      | Found an ornate altar of the Wu Jian Council.
  2429 | D:5      | Found a deep blue altar of Sif Muna.
  2431 | D:5      | Found a snail-covered altar of Cheibriados.
  2431 | D:5      | Found a stormy altar of Qazlal.
  2431 | D:5      | Found a shimmering altar of Xom.
  2538 | D:5      | Reached skill level 6 in Fighting
  2538 | D:5      | Reached skill level 5 in Maces & Flails
  2538 | D:5      | Reached skill level 1 in Invocations
  2743 | D:3      | Found a shimmering altar of Xom.
  2743 | D:3      | Found a snail-covered altar of Cheibriados.
  2749 | D:3      | Found a faded altar of an unknown god.
  2753 | D:3      | Found a basalt altar of Yredelemnul.
  2757 | D:3      | Found an ornate altar of the Wu Jian Council.
  3267 | D:4      | Got a slimy plate armour
  3696 | D:6      | Reached * piety under Elyvilon
  3874 | D:6      | Reached XP level 8. HP: 21/84 MP: 11/11
  4232 | D:7      | Noticed Dowan
  4232 | D:7      | Noticed a gargoyle
  4330 | D:7      | Reached ** piety under Elyvilon
  4335 | D:7      | Found a shadowy altar of Dithmenos.
  4341 | D:7      | Got a fine dagger
  4379 | D:7      | Identified the +3 dagger of Curirin {pierce, *Noise +Rage Str+6 Dex+3} (You found it on level 7 of the Dungeon)
  4414 | D:7      | Reached skill level 7 in Fighting
  4509 | D:7      | Got an iridescent morningstar
  4510 | D:7      | Identified the +7 morningstar of Indomitability {elec, rN+ Str+2} (You found it on level 7 of the Dungeon)
  4912 | D:7      | Noticed Duvessa
  5242 | D:7      | Killed Duvessa
  5245 | D:7      | Killed Dowan
  5316 | D:8      | Reached XP level 9. HP: 42/96 MP: 12/12
  5421 | D:8      | Reached *** piety under Elyvilon
  5441 | D:8      | Reached skill level 8 in Fighting
  5772 | D:8      | Found a staircase to the Lair.
  5899 | D:9      | Found an iron altar of Okawaru.
  5902 | D:9      | Got a heavily runed copper ring
  5904 | D:9      | Identified the ring "Paebronk" {Ice *Contam MR++ Int+3 Dex+3} (You found it on level 9 of the Dungeon)
  5911 | D:9      | Noticed a komodo dragon
  5920 | D:9      | Pacified a komodo dragon
  5920 | D:9      | Reached skill level 5 in Invocations
  5971 | D:10     | Entered Level 10 of the Dungeon
  5989 | D:10     | Noticed a troll
  6000 | D:9      | Killed a troll
  6058 | D:10     | Reached skill level 9 in Fighting
  6103 | D:10     | Found a portal to a secret trove of treasure.
  6247 | D:12     | Reached XP level 10. HP: 86/107 MP: 12/14
  6313 | D:11     | Reached **** piety under Elyvilon
  6455 | D:12     | Gained mutation: You have supernaturally acute eyesight. (SInv) [mutagenic meat]
  6456 | D:12     | Gained mutation: Your body sometimes deteriorates upon taking damage. [mutagenic meat]
  6457 | D:12     | Gained mutation: You occasionally shout uncontrollably at your foes. [mutagenic meat]
  6458 | D:12     | Gained mutation: You have large cloven feet. [mutagenic meat]
  6617 | D:11     | Reached skill level 5 in Dodging
  6706 | D:10     | Reached skill level 1 in Evocations
  6731 | D:10     | Reached skill level 10 in Fighting
  6958 | D:9      | Found a hazy altar of Hepliaklqana.
  7016 | D:9      | Found Fowiock's Armour Emporium.
  7017 | D:9      | Found a staircase to the Orcish Mines.
  7075 | D:9      | Reached XP level 11. HP: 108/119 MP: 13/16
  7158 | D:10     | Noticed a skeletal warrior
  7193 | D:9      | Killed a skeletal warrior
  7193 | D:9      | Reached skill level 10 in Maces & Flails
  7307 | D:10     | Noticed a death knight
  7453 | D:10     | Killed a death knight
  7837 | D:11     | Found a glowing golden altar of the Shining One.
  8041 | Orc:1    | Entered Level 1 of the Orcish Mines
  8067 | Orc:1    | Noticed a two-headed ogre
  8067 | Orc:1    | Noticed an orc knight
  8093 | D:9      | Killed a two-headed ogre
  8093 | D:9      | Reached skill level 11 in Fighting
  8331 | D:8      | Killed an orc knight
  8514 | Orc:1    | Noticed an orc warlord
  8699 | Orc:1    | Noticed an orc high priest
  8781 | D:9      | Killed an orc high priest
  9097 | Orc:1    | Reached XP level 12. HP: 69/130 MP: 18/18
  9166 | Orc:2    | Entered Level 2 of the Orcish Mines
  9173 | Orc:2    | Noticed a two-headed ogre
  9173 | Orc:2    | Noticed a two-headed ogre
  9208 | Orc:1    | Killed a two-headed ogre
  9211 | Orc:1    | Killed a two-headed ogre
  9252 | Orc:2    | Noticed p0werm0de's ghost (journeyman GnWz)
  9315 | Orc:2    | Noticed an orc warlord
  9354 | Orc:2    | Noticed a two-headed ogre
  9354 | Orc:2    | Noticed a two-headed ogre
  9355 | Orc:2    | Noticed a two-headed ogre
  9371 | Orc:1    | Killed a two-headed ogre
  9373 | Orc:1    | Killed a two-headed ogre
  9376 | Orc:1    | Killed a two-headed ogre
  9499 | Orc:2    | Noticed a two-headed ogre
  9520 | Orc:1    | Killed a two-headed ogre
  9520 | Orc:1    | Reached skill level 12 in Fighting
  9595 | Orc:2    | Noticed an ogre mage
  9685 | Orc:2    | Noticed an ogre mage
  9687 | Orc:2    | Noticed an ogre mage
  9691 | Orc:1    | Killed an ogre mage
  9729 | Orc:2    | Noticed a two-headed ogre
  9732 | Orc:2    | Killed an ogre mage
  9741 | Orc:2    | Killed an ogre mage
  9742 | Orc:2    | Killed a two-headed ogre
  9829 | Orc:2    | Noticed a two-headed ogre
  9840 | Orc:2    | Killed a two-headed ogre
  9840 | Orc:2    | Reached skill level 5 in Evocations
  9860 | Orc:2    | Found Jaheqow's Assorted Antiques.
  9860 | Orc:2    | Found Kaukeutz's Antique Armour Shop.
  9861 | Orc:2    | Found Tipnaoje's Jewellery Boutique.
  9861 | Orc:2    | Found Fyhucage's Armour Shoppe.
  9868 | Orc:2    | Bought an amethyst potion for 27 gold pieces
  9868 | Orc:2    | Bought a scroll labeled RUMUTO JEXTAS for 30 gold pieces
  9868 | Orc:2    | Noticed a two-headed ogre
  9872 | Orc:2    | Bought a glowing scarf for 184 gold pieces
  9873 | Orc:2    | Bought an iridescent morningstar for 270 gold pieces
  9890 | Orc:2    | Identified the cursed +2 morningstar of the Final Runes {freeze, MP+9 Str+4} (You bought it in a shop on level 2 of the Orcish Mines)
  9931 | Orc:2    | Killed p0werm0de's ghost
  9931 | Orc:2    | Reached XP level 13. HP: 74/141 MP: 14/20
  9945 | Orc:2    | RIP BUD
 10101 | Orc:2    | Found a staircase to the Elven Halls.
 10109 | Orc:2    | Noticed an ogre mage
 10121 | Orc:2    | Killed an ogre mage
 10486 | Orc:2    | Reached skill level 10 in Invocations
 10615 | Orc:2    | Killed an orc warlord
 10615 | Orc:2    | Reached skill level 13 in Fighting
 10811 | D:12     | Found a shimmering altar of Xom.
 10901 | D:12     | Found the +2 mace of Variability {chaos}
 11287 | D:13     | Gained mutation: Your movements are slightly less encumbered by armour. (ER -2) [mutagenic meat]
 11288 | D:13     | Gained mutation: You have a pair of small antennae on your head. [mutagenic meat]
 11289 | D:13     | Gained mutation: Your spells are a little harder to cast, but a little more powerful. [mutagenic meat]
 11290 | D:13     | Gained mutation: You are partially covered in iridescent scales. (AC +2) [mutagenic meat]
 11400 | D:15     | Entered Level 15 of the Dungeon
 11468 | D:15     | Found a staircase to the Depths.
 11468 | D:15     | Noticed a fire giant
 11820 | D:13     | Noticed Erolcha
 11858 | D:13     | Killed Erolcha
 11945 | D:13     | Found Ceskekeriva's Antique Weapon Boutique.
 11958 | D:13     | Identified a scroll of acquirement
 12085 | D:14     | Noticed Josephine
 12094 | D:14     | Killed Josephine
 12094 | D:14     | Reached XP level 14. HP: 154/154 MP: 22/22
 12276 | D:14     | Reached skill level 14 in Fighting
 12345 | D:14     | Found a gate to the Vaults.
 12753 | Lair:1   | Entered Level 1 of the Lair of Beasts
 12818 | Lair:1   | Reached ***** piety under Elyvilon
 12826 | Lair:1   | Found a dark tunnel.
 12832 | Volcano  | Entered a volcano
 13223 | Lair:1   | Noticed Erica
 13238 | Lair:1   | Killed Erica
 13323 | Lair:1   | Noticed Nergalle
 13350 | Lair:1   | Killed Nergalle
 13469 | Lair:1   | Got a fine wooden ring
 13471 | Lair:1   | Identified the ring "Jeagyxku" {rF- AC+3 Int+2 Dex+7} (You found it on level 1 of the Lair of Beasts)
 14050 | Lair:3   | Found a staircase to the Shoals.
 14275 | Lair:3   | Reached XP level 15. HP: 124/165 MP: 23/23
 14418 | Lair:4   | Found a staircase to the Snake Pit.
 14519 | Lair:4   | Reached skill level 10 in Dodging
 14713 | Lair:3   | Learned a level 1 spell: Apportation
 14770 | Lair:4   | Reached ****** piety under Elyvilon
 14798 | Lair:4   | Noticed Harold
 14833 | Lair:4   | Reached skill level 15 in Fighting
 14856 | Lair:4   | Killed Harold
 15309 | Lair:5   | Reached skill level 15 in Maces & Flails
 15318 | Lair:5   | Reached skill level 5 in Spellcasting
 15408 | Lair:6   | Entered Level 6 of the Lair of Beasts
 15421 | Lair:6   | Found a staircase to the Slime Pits.
 15443 | Lair:6   | Noticed zero's ghost (journeyman MiBe)
 15480 | Lair:6   | Killed zero's ghost
 15486 | Lair:6   | Rip bud
 15637 | Lair:6   | Found a runed door.
 15714 | Lair:6   | Paralysed by a hornet for 2 turns
 16305 | Lair:6   | Got a translucent large shield
 16339 | Lair:6   | Reached skill level 16 in Fighting
 16417 | Lair:6   | Identified the +3 large shield of Fedhas's Regard {*Slow +Blink rElec Int+3} (You found it on level 6 of the Lair of Beasts)
 16827 | D:4      | Bought the +2 robe of Vines {NoPotionHeal Regen+7} for 2400 gold pieces
 16827 | D:4      | Found the +2 robe of Vines {NoPotionHeal Regen+7}
 16886 | D:5      | Killed Nattefrost's ghost
 17018 | Elf:1    | Entered Level 1 of the Elven Halls
 17437 | Elf:1    | Reached XP level 16. HP: 137/179 MP: 26/26
 17905 | Elf:2    | Noticed Azrael
 17980 | Elf:1    | Reached skill level 17 in Fighting
 17980 | Elf:1    | Reached XP level 17. HP: 191/191 MP: 28/30
 18117 | Elf:3    | Entered Level 3 of the Elven Halls
 18361 | Elf:3    | Got a shimmering flail
 18362 | Elf:3    | Identified the +5 flail "Moimah" {protect, -Tele rPois rN+} (You found it on level 3 of the Elven Halls)
 18866 | Elf:2    | Reached skill level 10 in Spellcasting
 18877 | Elf:2    | Found a roughly hewn altar of Beogh.
 19501 | Elf:3    | Mulzaro: That sweet ogre AC
 19556 | Elf:3    | Reached XP level 18. HP: 202/202 MP: 32/32
 19619 | Elf:3    | Noticed a deep elf master archer
 19631 | Elf:3    | Pacified a deep elf master archer
 19631 | Elf:3    | Reached skill level 18 in Fighting
 19713 | Elf:3    | Noticed a deep elf blademaster
 19726 | Elf:3    | Killed a deep elf blademaster
 19973 | Elf:3    | Rhok: ye but hes playing it with teh magix
 20002 | Elf:3    | Rhok: :D
 20021 | Elf:3    | Noticed a deep elf master archer
 20023 | Elf:3    | Pacified a deep elf master archer
 20125 | Elf:3    | Noticed a deep elf blademaster
 20147 | Elf:3    | Killed a deep elf blademaster
 20230 | Elf:3    | Cast into level 2 of the Abyss (a deep elf sorcerer)
 20318 | Abyss:2  | Found a corrupted altar of Lugonu.
 20338 | Abyss:3  | Found a corrupted altar of Lugonu.
 20370 | Abyss:3  | Found a shadowy altar of Dithmenos.
 20428 | Elf:3    | Escaped the Abyss
 20481 | Elf:3    | Got a steaming brass ring
 20489 | Elf:3    | Got a crystal great mace {freeze}
 20700 | Elf:3    | Learned a level 6 spell: Statue Form
 20701 | Elf:3    | Identified the Guide on the Entourage and the Compass
 20707 | Elf:3    | Learned a level 4 spell: Passage of Golubria
 20733 | Elf:3    | Identified the ring "Naodwaat" {+Blink rN+ Str-5 Dex+8 SInv} (You took it off a deep elf demonologist on level 3 of the Elven Halls)
 20748 | Elf:3    | Identified the cursed +0 great mace of Cocytus {freeze, +Blink rC+} (You took it off a deep elf sorcerer on level 3 of the Elven Halls)
 20885 | Elf:2    | Reached skill level 1 in Transmutations
 20885 | Elf:2    | Reached skill level 1 in Earth Magic
 20890 | Elf:2    | Found a runed gate.
 20890 | Elf:2    | Found a runed gate.
 20896 | Elf:2    | Found a runed gate.
 21160 | Lair:1   | 4thArraOfDagon: bbsoon!
 21301 | Snake:1  | Entered Level 1 of the Snake Pit
 21601 | Snake:1  | Noticed Louise
 21653 | Snake:1  | Killed Louise
 22493 | Snake:3  | Reached XP level 19. HP: 207/213 MP: 34/34
 22654 | Snake:4  | Entered Level 4 of the Snake Pit
 22883 | Snake:4  | Reached skill level 5 in Transmutations
 22883 | Snake:4  | Reached skill level 5 in Earth Magic
 23286 | Snake:4  | Got a serpentine rune of Zot
 24145 | Snake:1  | Noticed Aizul
 24153 | Snake:1  | Killed Aizul
 24258 | Shoals:1 | Entered Level 1 of the Shoals
 24267 | Shoals:1 | Upgraded the game from 0.21-a0-351-g38363bb to 0.21-a0-352-g5b8f553
 24333 | Shoals:1 | Reached XP level 20. HP: 223/223 MP: 31/36
 24669 | Shoals:1 | Identified the -2 buckler "Rusoxam" {rC+ Dex+3} (You found it on level 1 of the Shoals)
 24760 | Shoals:2 | Noticed Polyphemus
 24781 | Shoals:2 | Killed Polyphemus
 24792 | Shoals:2 | Reached skill level 10 in Transmutations
 24795 | Shoals:2 | Reached skill level 10 in Earth Magic
 25345 | Shoals:3 | Noticed Ilsuiw
 25387 | Shoals:3 | Killed Ilsuiw
 25425 | Shoals:3 | Noticed Bai Suzhen
 25449 | Shoals:3 | Killed Bai Suzhen
 25635 | Shoals:4 | Entered Level 4 of the Shoals
 25670 | Shoals:4 | Noticed Jorgrun
 25684 | Shoals:4 | Killed Jorgrun
 25814 | Shoals:4 | Learned a level 6 spell: Iron Shot
 25942 | Shoals:4 | HP: 12/289 [alligator snapping turtle (25)]
 25942 | Shoals:4 | HP: 4/289 [merfolk javelineer/javelin (5)]
 25943 | Shoals:4 | HP: 1/289 [merfolk aquamancer/rapier of protection (4)]
 25943 | Shoals:4 | Elyvilon protects you from harm!
 25943 | Shoals:4 | Elyvilon protects you from harm!
 25944 | Shoals:4 | Elyvilon protects you from harm!
 25944 | Shoals:4 | Elyvilon protects you from harm!
 26114 | Shoals:4 | Got a barnacled rune of Zot
 26118 | Shoals:4 | Found Gidghe's Food Boutique.
 26433 | Slime:1  | Entered Level 1 of the Pits of Slime
 26475 | Lair:6   | Reached XP level 21. HP: 135/231 MP: 37/37
 26774 | Slime:3  | Lost mutation: You have supernaturally acute eyesight. (SInv) [a shining eye]
 26776 | Slime:3  | Gained mutation: You are weak. (Str -2) [a shining eye]
 26795 | Slime:4  | Noticed Dissolution
 26804 | Slime:4  | Gained mutation: You tend to lose your temper in combat. [a shining eye]
 26807 | Slime:5  | Entered Level 5 of the Pits of Slime
 26810 | Slime:5  | Gained mutation: You are very weak. (Str -4) [a shining eye]
 26820 | Slime:5  | Reached skill level 19 in Fighting
 26837 | Slime:5  | HP: 11/304 [azure jelly (7)]
 26837 | Slime:5  | HP: 2/304 [great orb of eyes (9)]
 26838 | Slime:5  | Annihilated by an enormous slime creature

Vault maps used:
D:1:      shiori_arrival_elements, serial_forest,
          infiniplex_forest_clump_medium, infiniplex_forest_clump_diagonal,
          infiniplex_forest_straight_3, infiniplex_forest_clump_curved,
          infiniplex_forest_lined_4_way, infiniplex_forest_lined_2,
          infiniplex_forest_lined_ring, minmay_misc_feat_alley
D:2:      first_bread, uniq_crazy_yiuf_cottage, uniq_robin, uniq_terence
D:3:      chequers_temple_overflow_minitemple, kennysheep_potato
D:4:      serial_shops, shop_statue, gup_sewer_entry_bubbles,
          hangedman_glass_teeth
D:5:      chequers_big_river, doesnt_xom_only_xom
D:6:      old_standard_altar, minmay_temple_entry_statues_fountains
D:7:      grunt_ogre_cave, hangedman_decor_riveting,
          nicolae_dithmenos_the_darkroom, uniq_duvessa
D:8:      lair_entry_dummy
D:9:      lemuel_crystal_altar, orc_david_3, basic_altar
D:10:     enter_trove_1, minmay_misc_feat_tiny
D:11:     kennysheep_diamond, kennysheep_small_circle
D:12:     minmay_guarded_unrand_variability
D:13:     serial_shops, shop, uniq_sonja, uniq_erolcha
D:14:     grunt_vaults_entry_tiered, minmay_misc_feat_encased, trog_wizard,
          uniq_josephine
D:15:     grunt_enter_depths_giant_problem, hangedman_decor_push, uniq_roxanne
Temple:   nicolae_temple_elliptical
Lair:1:   nicolae_volcano_entry_hallway, grunt_megastairs_5,
          serial_bayou_shore_b, minmay_lair_oklob_chamber, serial_bayou_shore_a,
          uniq_erica, uniq_nergalle
Lair:2:   grunt_forest_stairs_basic, grunt_megastairs_3, lemuel_fruit_tree
Lair:3:   minmay_shoals_entry_beasts, serial_bayou_pond_c, lemuel_fruit_fields
Lair:4:   dpeg_oklob_gauntlet, minmay_snake_entry_guardpost_small, uniq_harold
Lair:6:   hangedman_lair_caniforms_friends, wormcave, minmay_slime_entry_pillars
Shoals:1: st_sunken_temple
Shoals:2: nicolae_shoals_hunting_party, uniq_polyphemus
Shoals:3: uniq_ilsuiw, uniq_bai_suzhen
Shoals:4: shoals_end_grunt_ice, shoals_ilsuiw_alternative, serial_shops, shop,
          uniq_jorgrun
Snake:1:  uniq_aizul, uniq_louise
Snake:2:  basic_stair_grate_trap
Snake:4:  snake_pit
Slime:3:  nicolae_slime_jelly_donut
Slime:4:  uniq_dissolution
Orc:2:    st_orc_ogre_mass
Elf:1:    hangedman_elven_crosses_minicolossus, nooodl_food_tri
Elf:2:    serial_shops, bzr_entry_customers, special_room, uniq_azrael,
          uniq_nikola
Elf:3:    elf_hall, serial_sigils_hangedman_stare
Abyss:3:  hangedman_abyss_exit_choices, evilmike_abyss_rune_tso_outpost,
          minivault_22, hangedman_abyss_theft
Sewer:    kennysheep_pipe_town
Volcano:  volcano_bunker

Skill      XL: |  1  2  3  4  5  6  7  8  9 10 11 12 13 14 15 16 17 18 19 20 21 |
---------------+----------------------------------------------------------------+-----
Fighting       | 2 3 4 5 6 7 9 10 11 12 13 14 16 17 18 19 | 19.0
Maces & Flails | 1 2 3 4 6 7 8 9 11 12 13 14 15 16 17 18 | 18.0
Invocations    | 2 4 5 7 8 9 10 11 12 | 12.0
Dodging        | 2 4 5 6 7 8 9 10 | 10.8
Evocations     | 2 3 5 |  5.4
Spellcasting   | 3 7 9 10 11 12 | 12.0
Transmutations | 4 9 11 12 | 12.0
Earth Magic    | 4 9 11 12 | 12.0
Short Blades   | |  0.8
Stealth        | |  2.1
Hexes          | |  2.6

Action                   |  1- 3 |  4- 6 |  7- 9 | 10-12 | 13-15 | 16-18 | 19-21 || total
-------------------------+-------+-------+-------+-------+-------+-------+-------++-------
Melee: Dagger            |    63 |       |    17 |       |       |       |       ||    80
       Mace              |    44 |   180 |       |       |       |       |       ||   224
       Flail             |       |       |    90 |       |       |   110 |       ||   200
       Giant spiked club |       |       |    18 |       |       |       |       ||    18
       War axe           |       |       |    13 |       |       |       |       ||    13
       Morningstar       |       |       |   109 |   518 |  1243 |   829 |  1241 ||  3940
       Kick              |       |       |       |   105 |   407 |   340 |   467 ||  1319
Throw: Throwing net      |       |       |     1 |       |       |       |       ||     1
 Cast: Corona            |     9 |    18 |    18 |    14 |       |       |       ||    59
       Ensorcelled Hiber |     3 |       |       |       |       |       |     1 ||     4
       Confuse           |       |     2 |       |       |       |       |       ||     2
       Statue Form       |       |       |       |       |       |       |    41 ||    41
       Apportation       |       |       |       |       |       |       |     1 ||     1
Invok: Lesser Healing    |       |       |     8 |     3 |    15 |     1 |     5 ||    32
       Heal Other        |       |       |     1 |    18 |     7 |    11 |     5 ||    42
       Greater Healing   |       |       |       |     1 |     1 |     3 |       ||     5
       Purification      |       |       |       |     1 |       |       |     1 ||     2
       Divine Protection |       |       |       |       |       |       |     2 ||     2
 Abil: Evoke Berserk Rag |       |       |       |    11 |     7 |       |       ||    18
       End Transformatio |       |       |       |       |       |       |    27 ||    27
Evoke: Wand              |       |       |    10 |       |     6 |    17 |    12 ||    45
       Lamp of fire      |       |       |       |       |       |       |     1 ||     1
       Box of beasts     |       |       |       |       |       |       |     1 ||     1
  Use: Potion            |     1 |     1 |       |       |       |     5 |     3 ||    10
       Scroll            |       |     6 |    12 |     7 |    17 |    17 |    11 ||    70
 Stab: Sleeping          |     1 |     3 |     4 |       |     6 |     5 |     3 ||    22
       Confused          |       |     1 |       |       |       |       |       ||     1
       Held in net/web   |       |       |     1 |       |       |       |       ||     1
       Petrified         |       |       |       |       |     4 |       |       ||     4
       Distracted        |       |       |       |       |     1 |     2 |       ||     3
       Paralysed         |       |       |       |       |       |     7 |       ||     7
  Eat: Chunk             |     1 |     5 |    11 |    22 |    17 |    10 |     5 ||    71
       Fruit             |       |       |     4 |     3 |    25 |       |     3 ||    35
       Royal jelly       |       |       |     1 |     2 |     3 |     1 |     3 ||    10
       Bread ration      |       |       |       |     2 |       |     3 |     4 ||     9
Armor: Robe              |    31 |    49 |    28 |       |       |   119 |    63 ||   290
       Troll leather arm |       |       |    16 |   134 |   244 |       |       ||   394
       Skin              |       |       |       |       |       |       |   837 ||   837
Dodge: Dodged            |    59 |   128 |   132 |   387 |   702 |   488 |  1383 ||  3279

Table legend:
 A = Spawn XP
 B = Non-spawn XP
 C = Spawn XP percentage of total XP
 D = Spawn monster count
 E = Non-spawn monster count
 F = Spawn count percentage of total count
 G = Total turns spent on level
                    A         B        C        D         E        F      G
               +---------+---------+-------+---------+---------+-------+---------
         Total |    3675 |  450657 |   0.8 |       6 |    1249 |   0.5 | 26838
               +---------+---------+-------+---------+---------+-------+---------
           D:1 |       0 |      36 |   0.0 |       0 |      17 |   0.0 |   701
           D:2 |       0 |     189 |   0.0 |       0 |      39 |   0.0 |   605
           D:3 |       0 |      83 |   0.0 |       0 |      24 |   0.0 |   546
           D:4 |       0 |     348 |   0.0 |       0 |      19 |   0.0 |  1118
           D:5 |       0 |     664 |   0.0 |       0 |       8 |   0.0 |   531
           D:6 |       0 |     579 |   0.0 |       0 |       8 |   0.0 |   998
           D:7 |       0 |     613 |   0.0 |       0 |      11 |   0.0 |   837
           D:8 |       0 |    1551 |   0.0 |       0 |      22 |   0.0 |   961
           D:9 |       0 |    7105 |   0.0 |       0 |      83 |   0.0 |  1549
          D:10 |       0 |    2439 |   0.0 |       0 |      29 |   0.0 |   638
          D:11 |       0 |    2125 |   0.0 |       0 |      24 |   0.0 |   622
          D:12 |       0 |    6258 |   0.0 |       0 |      39 |   0.0 |   779
          D:13 |       0 |    4871 |   0.0 |       0 |      33 |   0.0 |   504
          D:14 |       0 |   12000 |   0.0 |       0 |      38 |   0.0 |   815
        Lair:1 |       0 |    7740 |   0.0 |       0 |      30 |   0.0 |   562
        Lair:2 |       0 |     983 |   0.0 |       0 |       5 |   0.0 |   400
        Lair:3 |       0 |    9531 |   0.0 |       0 |      33 |   0.0 |   657
        Lair:4 |       0 |    5289 |   0.0 |       0 |      18 |   0.0 |   686
        Lair:5 |       0 |    9650 |   0.0 |       0 |      31 |   0.0 |   541
        Lair:6 |       0 |   30746 |   0.0 |       0 |     106 |   0.0 |  1198
      Shoals:1 |       0 |   21290 |   0.0 |       0 |      36 |   0.0 |   487
      Shoals:2 |       0 |   17605 |   0.0 |       0 |      30 |   0.0 |   447
      Shoals:3 |       0 |   25734 |   0.0 |       0 |      39 |   0.0 |   502
      Shoals:4 |       0 |   25835 |   0.0 |       0 |      36 |   0.0 |   636
       Snake:1 |       0 |   12532 |   0.0 |       0 |      20 |   0.0 |   986
       Snake:2 |       0 |   14611 |   0.0 |       0 |      30 |   0.0 |   417
       Snake:3 |       0 |   26580 |   0.0 |       0 |      51 |   0.0 |   695
       Snake:4 |       0 |   44887 |   0.0 |       0 |      69 |   0.0 |   805
       Slime:1 |       0 |    8263 |   0.0 |       0 |      17 |   0.0 |   112
       Slime:2 |       0 |    1535 |   0.0 |       0 |       5 |   0.0 |    98
       Slime:3 |       0 |    9215 |   0.0 |       0 |      19 |   0.0 |    84
       Slime:4 |       0 |     829 |   0.0 |       0 |       4 |   0.0 |    18
       Slime:5 |       0 |    3879 |   0.0 |       0 |       5 |   0.0 |    31
         Orc:1 |       0 |    8747 |   0.0 |       0 |      34 |   0.0 |   836
         Orc:2 |       0 |   15479 |   0.0 |       0 |      55 |   0.0 |  1075
         Elf:1 |       0 |   19630 |   0.0 |       0 |      32 |   0.0 |   874
         Elf:2 |       0 |   30809 |   0.0 |       0 |      59 |   0.0 |   794
         Elf:3 |       0 |   51382 |   0.0 |       0 |      53 |   0.0 |  1869
       Abyss:2 |    2638 |     364 |  87.9 |       2 |       1 |  66.7 |    99
       Abyss:3 |    1037 |    1808 |  36.4 |       4 |       2 |  66.7 |    99
         Sewer |       0 |     146 |   0.0 |       0 |      24 |   0.0 |   249
       Volcano |       0 |    6697 |   0.0 |       0 |      11 |   0.0 |   267
               +---------+---------+-------+---------+---------+-------+---------
